 Dungeon Crawl Stone Soup version 0.20-a0-641-g673355a (webtiles) character file.

1064 nikopol the Skirmisher (level 8, -6/51 HPs)
             Began as a Gargoyle Fighter on Feb 13, 2017.
             Killed by divine providence
             ... invoked by an orc priest
              (12 damage)
             ... on level 5 of the Dungeon.
             The game lasted 00:07:26 (4571 turns).

nikopol the Skirmisher (Gargoyle Fighter)           Turns: 4571, Time: 00:07:27

Health: -6/51      AC: 15    Str: 22    XL:     8   Next: 27%
Magic:  8/8        EV:  8    Int:  8    God:
Gold:   286        SH: 10    Dex: 10    Spells: 7/7 levels left

rFire    . . .     SeeInvis .   a - +0 flail
rCold    + . .     Gourm    .   b - +0 scale mail
rNeg     + . .     Faith    .   c - +0 shield
rPois    ∞         Spirit   .   (no helmet)
rElec    +         Reflect  .   I - +0 cloak
rCorr    .         Harm     .   (no gloves)
MR       .....     Rnd*Tele +   v - +0 pair of boots
Stlth    ..........             (no amulet)
Regen    0.2/turn               n - ring of teleportation (curse)
MPRegen  0.2/turn               e - ring of protection from cold

@: slowed, very slow
A: negative energy resistance 1, electricity resistance, unbreathing,
petrification resistance, rot immunity, AC +5
a: no special abilities


You were on level 5 of the Dungeon.
You were near starving.

You visited 1 branch of the dungeon, and saw 5 of its levels.

You collected 286 gold pieces.

Inventory:

Hand Weapons
 a - a +0 flail (weapon)
Armour
 b - a +0 scale mail (worn)
 c - a +0 shield (worn)
 q - a +0 chain mail
 v - a +0 pair of boots (worn)
 I - a +0 cloak (worn)
Jewellery
 e - a ring of protection from cold (left hand)
 n - a cursed ring of teleportation (right hand)
 t - an uncursed amulet of regeneration {unknown}
 F - a +5 ring of evasion {unknown}
 G - a cursed ring of loudness {unknown}
Wands
 y - a wand of acid (6/15)
 B - a wand of flame (15/48)
Scrolls
 g - 3 scrolls of remove curse {unknown}
 i - 9 scrolls of identify {unknown}
 j - a scroll of blinking {unknown}
 k - 2 scrolls of immolation {unknown}
 o - 6 scrolls of teleportation {unknown}
 r - 2 scrolls of fog {unknown}
 s - 3 scrolls of enchant weapon {unknown}
 A - 2 scrolls of enchant armour {unknown}
 E - a scroll of fear {unknown}
Potions
 d - a potion of might
 l - a potion of mutation {unknown}
 m - 3 potions of lignification {unknown}
 p - 3 potions of curing {unknown}
 w - 2 potions of ambrosia {unknown}
 x - a potion of heal wounds {unknown}
 z - a potion of brilliance {unknown}
 D - a potion of agility {unknown}
Books
 u - a book of Alchemy

   Spells                             Type                      Level
   a - Sublimation of Blood           Necromancy                   2
   b - Ignite Poison                  Fire/Transmutation/Poison    3
   c - Petrify                        Transmutation/Earth          4
   d - Alistair's Intoxication        Transmutation/Poison         5
   e - Irradiate                      Conjuration/Transmutation    5
Comestibles
 f - 4 bread rations
 h - 3 fruits
 C - a royal jelly
 H - 2 meat rations


   Skills:
 + Level 6.1 Fighting
 + Level 5.2 Maces & Flails
 + Level 5.9 Armour
 + Level 6.0 Shields


You had 7 spell levels left.
You didn't know any spells.

Dungeon Overview and Level Annotations

Branches:
Dungeon (5/15)
 Temple: D:4-7

Altars:
Ashenzari
Makhleb
Xom


Innate Abilities, Weirdness & Mutations

You are resistant to torment.
Your stone body is resilient. (AC +5)
You are immune to poison.
You resist negative energy. (rN+)
You are resistant to electric shocks. (rElec)
You can survive without breathing.
You are immune to petrification.
You are immune to rotting.


Message History

* * * LOW HITPOINT WARNING * * *
Your shield and scale mail prevent you from hitting the orc priest.
The orc priest is almost dead.
The orc priest looks encouraged for a moment.
You hit the orc priest but do no damage.
The orc priest is almost dead.
The orc priest hits you with a flail.
* * * LOW HITPOINT WARNING * * *
The orc priest miscasts a cantrip.
You closely miss the orc priest.
The orc priest is almost dead.
The orc wizard casts a spell at you. The magic dart hits you!
* * * LOW HITPOINT WARNING * * *
You block the orc wizard's attack.
The orc priest looks satisfied for a moment.
You block the orc wizard's attack.
The orc priest mumbles some strange prayers to Beogh against you.
Beogh smites you!
You die...

##.......#......#.#
#.!........###....####
#+..........# #.....>..
+...........###...#####
###.......#......##
##..$..#######.#
##...## #.# ##o## #.#
#@# #.# #o# ### #.#
##o##... ..# ##...#.#
### #.#.###......#
#..........#.#
###.####..##.# #...##.#
#......#


You could see an orc priest, an orc wizard and an orc.

Vanquished Creatures
  Eustachio (D:4)
  An ice beast (D:5)
  An ogre (D:5)
  A phantom (D:5)
  A centaur (D:5)
  A howler monkey (D:5)
  A crimson imp (D:5)
  A bullfrog zombie (D:5)
  A hound (D:5)
  A jelly (D:5)
  4 orc priests
  Terence (D:2)
  An orc wizard (D:5)
  2 worker ants (D:5)
  A hound skeleton (D:4)
  4 gnolls (D:2)
  4 adders
  A shadow imp (D:5)
  4 oozes
  An adder skeleton (D:4)
  An adder zombie (D:5)
  5 worms
  A dart slug (D:2)
  5 leopard geckos
  5 orcs
  A giant cockroach (D:1)
  5 goblins
  5 hobgoblins
  7 kobolds
  2 quokkas (D:2)
  4 ball pythons
  5 bats
  6 frilled lizards
  8 rats
93 creatures vanquished.

Vanquished Creatures (others)
  An orc wizard (D:5)
1 creature vanquished.

Grand Total: 94 creatures vanquished

Notes
Turn   | Place    | Note
-------+----------+-------------------------------------------
     0 | D:1      | nikopol the Gargoyle Fighter began the quest for the Orb.
     0 | D:1      | Reached XP level 1. HP: 14/14 MP: 1/1
     6 | D:1      | Noticed a polar bear
     6 | D:1      | Noticed a redback
     6 | D:1      | Noticed an anaconda
     6 | D:1      | Noticed a wyvern
    81 | D:1      | Reached XP level 2. HP: 19/19 MP: 2/2
   572 | D:2      | Noticed Terence
   582 | D:2      | Killed Terence
   582 | D:2      | Reached XP level 3. HP: 15/23 MP: 3/3
   698 | D:2      | Reached XP level 4. HP: 23/28 MP: 4/4
   961 | D:2      | Reached XP level 5. HP: 30/33 MP: 5/5
  1084 | D:2      | Found a burning altar of Makhleb.
  1085 | D:2      | Found a shimmering altar of Xom.
  2182 | D:3      | Reached XP level 6. HP: 23/39 MP: 6/6
  3121 | D:4      | Noticed Eustachio
  3148 | D:4      | Killed Eustachio
  3148 | D:4      | Reached skill level 5 in Shields
  3273 | D:5      | Entered Level 5 of the Dungeon
  3364 | D:5      | Reached XP level 7. HP: 44/44 MP: 7/7
  3412 | D:5      | Reached skill level 5 in Fighting
  3629 | D:5      | Found a shattered altar of Ashenzari.
  3636 | D:5      | Reached skill level 5 in Armour
  4330 | D:5      | Reached skill level 5 in Maces & Flails
  4330 | D:5      | Reached XP level 8. HP: 47/51 MP: 8/8
  4571 | D:5      | Killed from afar by an orc priest

Vault maps used:
D:1:      onia_arrival_zoo_common
D:2:      minmay_wonky_spiral, gammafunk_temple_overflow_statue, uniq_terence
D:3:      first_bread
D:4:      uniq_eustachio
D:5:      old_standard_altar, chequers_temple_overflow_minitemple,
          kennysheep_dice

Skill      XL: |  1  2  3  4  5  6  7  8 |
---------------+-------------------------+-----
Shields        | 4 5 6 |  6.0
Armour         | 4 5 |  5.9
Maces & Flails | 3 4 5 |  5.2
Fighting       | 4 5 6 |  6.1

Action                   |  1- 3 |  4- 6 |  7- 9 || total
-------------------------+-------+-------+-------++-------
Melee: Flail             |    87 |   271 |   144 ||   502
  Eat: Chunk             |       |     8 |     3 ||    11
Armor: Scale mail        |    42 |   146 |    55 ||   243
Dodge: Dodged            |    26 |    82 |    30 ||   138
Block: Shield            |    47 |   139 |    71 ||   257
